 Dungeon Crawl Stone Soup version 0.24-a0-446-g87df7205b4 (webtiles) character file.

Game seed: 17116774738921518400

13010 kibaces the Frost Mage (level 11, -6/70 HPs)
             Began as a Deep Elf Ice Elementalist on June 24, 2019.
             Was an Elder of Sif Muna.
             Succumbed to a queen ant's poison
             ... on level 1 of the Lair of Beasts.
             The game lasted 01:52:15 (22351 turns).

kibaces the Frost Mage (Deep Elf Ice Elementalist) Turns: 22351, Time: 01:52:16

Health: -6/70      AC: 11    Str:  5    XL:     11   Next: 70%
Magic:  10/35      EV: 15    Int: 24    God:    Sif Muna [****..]
Gold:   639        SH:  0    Dex: 15    Spells: 4/28 levels left

rFire    + . .     SeeInvis .   k - +4 falchion
rCold    . . .     Gourm    .   (no shield)
rNeg     . . .     Faith    .   y - +2 leather armour {rF+}
rPois    .         Spirit   .   H - +0 helmet
rElec    .         Reflect  .   w - +0 cloak
rCorr    .         Harm     .   f - +1 pair of gloves
MR       ++...                  (no boots)
Stlth    ++........             (no amulet)
HPRegen  0.21/turn              t - ring of magical power
MPRegen  0.24/turn              A - +3 ring of slaying

@: lethally poisoned (-6 -> -77), marked
A: slimy green scales 1, magic resistance 1, robust 1, evolution 1, MP-powered
wands, sturdy frame 1
a: Divine Energy, Channel Magic, Forget Spell, Renounce Religion


You were on level 1 of the Lair of Beasts.
You worshipped Sif Muna.
Sif Muna was greatly pleased with you.
You were not hungry.

You visited 3 branches of the dungeon, and saw 13 of its levels.
You also visited: Ossuary.

You collected 639 gold pieces.

Inventory:

Hand Weapons
 k - a +4 falchion (weapon)
 D - a +1 falchion of holy wrath
Missiles
 p - 5 atropa-tipped darts (quivered)
 N - a throwing net
Armour
 f - a +1 pair of gloves (worn)
 w - a +0 cloak (worn)
 y - a +2 leather armour of fire resistance (worn)
 H - a +0 helmet (worn)
Magical Staves
 L - an uncursed staff of energy
Jewellery
 t - a ring of magical power (left hand)
 A - a +3 ring of slaying (right hand)
 B - an uncursed amulet of the gourmand
Wands
 b - a wand of clouds (2)
 i - a wand of random effects (13)
 r - a wand of iceblast (23)
 x - a wand of digging (13)
 z - a wand of disintegration (9)
 C - a wand of flame (15)
 E - a wand of enslavement (8)
 K - a wand of polymorph (6)
Scrolls
 a - a scroll of immolation {unknown}
 d - a scroll of fog {unknown}
 e - a scroll of fear {unknown}
 l - a scroll of amnesia
 n - a scroll of summoning {unknown}
 q - 2 scrolls of enchant weapon
 s - 3 scrolls of teleportation
 v - 7 scrolls of remove curse
 F - a scroll of acquirement {unknown}
 J - a scroll of vulnerability {unknown}
Potions
 h - 2 potions of agility
 j - 3 potions of mutation
 m - 4 potions of flight
 o - a potion of haste
 u - 2 potions of ambrosia
 G - a potion of heal wounds {unknown}
 I - a potion of brilliance {unknown}
 M - a potion of resistance {unknown}
Comestibles
 c - 23 rations
 g - 2 chunks of flesh


   Skills:
 + Level 5.7 Fighting
 + Level 5.9 Long Blades
 + Level 2.8 Armour
 + Level 5.1 Dodging
 - Level 2.4 Stealth
 + Level 9.4 Spellcasting
 - Level 2.0 Conjurations
   Level 1.0 Hexes
 - Level 5.0 Charms
 * Level 9.4 Summonings
 - Level 2.0 Translocations
 * Level 9.7 Ice Magic
 - Level 4.3 Air Magic
 - Level 3.0 Poison Magic


You had 4 spell levels left.
You knew the following spells:

 Your Spells              Type           Power        Failure   Level  Hunger
a - Freeze                Ice            ####         1%          1    None
b - Throw Frost           Conj/Ice       #####.       1%          2    None
c - Ozocubu's Armour      Chrm/Ice       #####...     1%          3    None
d - Summon Ice Beast      Ice/Summ       ######..     1%          4    ##.....
e - Blink                 Tloc           N/A          4%          2    None
f - Throw Icicle          Conj/Ice       #####...     5%          4    ##.....
g - Call Imp              Summ           ######..     1%          2    None
h - Mephitic Cloud        Conj/Pois/Air  ####....     5%          3    None
i - Conjure Flame         Conj/Fire      ###.....     12%         3    None

Your spell library contained the following spells:

 Spells                   Type           Power        Failure   Level  Hunger
 Magic Dart               Conj           ###.         2%          1    None
 Beastly Appendage        Tmut           ##....       6%          1    None
 Slow                     Hex            ###.....     6%          2    None
 Ice Form                 Ice/Tmut       ####....     9%          4    ##.....
 Sticks to Snakes         Tmut           ##......     10%         2    None
 Spider Form              Tmut/Pois      ###.......   10%         3    None
 Iskenderun's Battlesphe  Conj/Chrm      ####....     38%         5    ####...
 Venom Bolt               Conj/Pois      ###.......   52%         5    ####...
 Bolt of Magma            Conj/Fire/Erth ##........   78%         5    ####...
 Blade Hands              Tmut           ##........   86%         5    ####...
 Iron Shot                Conj/Erth      ###.......   99%         6    ######.
 Spellforged Servitor     Conj/Summ      #####.....   99%         7    #######
 Orb of Destruction       Conj           ###.......   100%        7    #######


Dungeon Overview and Level Annotations

Branches:
Dungeon (10/15)            Temple (1/1) D:4            Lair (2/6) D:8
 Spider (0/4) Lair:2          Orc (0/2) D:10
  Swamp: Lair:2-4    Shoals: Lair:2-4

Altars:
Cheibriados
Dithmenos
Elyvilon
Fedhas
Gozag
Hepliaklqana
Kikubaaqudgha
Makhleb
Okawaru
Qazlal
Ru
Sif Muna
Trog
Uskayaw
Vehumet
Xom
Zin
The Shining One

Annotations:
D:1 exclusion: downstairs
D:7 1 runed translucent door, zkyp's ghost, novice MiAM
D:8 2 transporters, SnubMonkey's ghost, novice TrAM
D:10 Fannar
Lair:1 exclusion: downstairs
Lair:2 1 runed translucent door, exclusion: oklob plant, Aschiman's ghost, journeyman MiFi


Innate Abilities, Weirdness & Mutations

You are partially covered in slimy green scales. (AC +2)
You are resistant to hostile enchantments. (MR+)
You are robust. (+10% HP)
You evolve.
You expend magic power (3 MP) to strengthen your wands.
Your movements are slightly less encumbered by armour. (ER -2)


Message History

You feel extremely sick.
The worker ant bites your ice beast but does no damage.
Your ice beast hits the queen ant but does no damage.
The worker ant bites your ice beast.
Your ice beast misses the worker ant.
The queen ant stings your ice beast!
Your iron imp hits the queen ant!
The queen ant dies!
Sif Muna accepts your kill.
Your Dodging skill increases to level 5!
Your ice beast hits the worker ant.
Your ice beast freezes the worker ant!
Unknown command.
* * * LOW HITPOINT WARNING * * *
You feel very sick. The worker ant bites your ice beast.
Your ice beast closely misses the worker ant.
Your ice beast hits the worker ant.
Your ice beast freezes the worker ant!
The worker ant completely misses your iron imp.
Your ice beast hits the worker ant but does no damage.
You climb upwards.
Your summoned ally is left behind.
Level annotation: exclusion: downstairs You die...

.......####..####.##.##
.#.......#...##.#.##..#
.....⌠...##.......##.P#
.........y##########.##
.#..#...y..## ### #.#
####.....⌠..####.###.#
.............##.⌠.##.#
...................#.#
#...⌠..⌠.>.⌠.'.a@.⌠#.#
'............#.....###
#.............#.⌠.##
####.##..⌠..########
#.#.#.......##.##..#
..........##...##^.#
.....⌠...#.....##..####
........#####P........#
.......##.# ##.....(.##


You could see a worker ant.

Vanquished Creatures
  Joseph (D:8)
  Maurice (D:8)
  A spiny frog (Lair:1)
  A queen bee (Lair:2)
  Prince Ribbit (D:8)
  2 dream sheep (D:8)
  3 hippogriffs
  4 yaks
  Edmund (D:6)
  Menkaure (D:6)
  Duvessa (D:4)
  3 soldier ants (Lair:2)
  A water moccasin (Lair:1)
  A porcupine (Lair:1)
  4 orc warriors
  A sky beast (D:8)
  A phantom (D:6)
  A black bear (D:8)
  3 wolves (Lair:2)
  3 ogres
  A crocodile (Lair:2)
  An elf zombie (Ossuary)
  Blork the orc (D:6)
  3 big kobolds
  3 bullfrogs
  A scorpion (D:8)
  Dowan (D:4)
  7 killer bees
  3 crimson imps
  2 centaur zombies (Ossuary)
  3 hounds
  A human zombie (Ossuary)
  2 orc priests
  2 bullfrog skeletons
  3 jellies
  10 orc wizards
  A centaur skeleton (D:6)
  Ijyb (D:4)
  7 worker ants
  A hound zombie (Ossuary)
  A mummy (Ossuary)
  A worker ant zombie (D:5)
  7 gnolls
  6 adders
  A shadow imp (D:8)
  An ooze (D:2)
  5 adder zombies
  A worm (D:3)
  3 dart slugs
  9 leopard geckos
  51 orcs
  10 bats
  5 giant cockroaches
  5 goblins
  9 hobgoblins
  14 jackals
  7 quokkas
  A ball python (D:2)
  5 frilled lizards
  A giant cockroach zombie (D:5)
  A gnoll zombie (Ossuary)
  3 goblin zombies (Ossuary)
  2 hobgoblin zombies (Ossuary)
  6 jackal zombies (Ossuary)
  12 kobolds
  A leopard gecko zombie (D:5)
  An orc zombie (Ossuary)
  A quokka skeleton (D:4)
  3 quokka zombies (Ossuary)
  4 rats
  A rat zombie (Ossuary)
267 creatures vanquished.

Vanquished Creatures (collateral kills)
  Harold (Lair:1)
  3 hydras
  A queen ant (Lair:2)
  An elephant (D:8)
  5 spiny frogs
  A komodo dragon (Lair:2)
  3 hippogriffs
  A wyvern (Lair:2)
  15 yaks
  A basilisk (D:8)
  2 soldier ants (Lair:2)
  3 water moccasins (Lair:1)
  A phantom (D:7)
  4 orc warriors
  A black bear (D:7)
  An eye of draining (D:9)
  An ogre (D:7)
  3 wolves (Lair:1)
  2 crocodiles
  3 centaurs
  A big kobold (D:8)
  An elf zombie (Ossuary)
  3 bullfrogs
  9 killer bees
  A centaur zombie (Ossuary)
  A quasit (D:7)
  A bullfrog skeleton (D:10)
  An orc priest (D:8)
  An orc wizard (D:8)
  An iguana (D:8)
  12 worker ants
  2 mummies (Ossuary)
  A worker ant zombie (D:7)
  An adder skeleton (D:7)
  8 orcs
  A goblin zombie (Ossuary)
  2 hobgoblin zombies (Ossuary)
  A jackal zombie (Ossuary)
  A kobold zombie (Ossuary)
  2 rat zombies (Ossuary)
  A fungus (Lair:1)
105 creatures vanquished.

Vanquished Creatures (others)
  6 fungi
  A plant (Lair:2)
  4 toadstools (D:1)
11 creatures vanquished.

Grand Total: 383 creatures vanquished

Notes
Turn   | Place    | Note
-------+----------+-------------------------------------------
     0 | D:1      | kibaces the Deep Elf Ice Elementalist began the quest for
                  | the Orb.
     0 | D:1      | Reached XP level 1. HP: 10/10 MP: 6/6
   278 | D:1      | Reached XP level 2. HP: 16/16 MP: 6/8
   282 | D:1      | Learned a level 2 spell: Throw Frost
  1067 | D:1      | Reached XP level 3. HP: 20/20 MP: 7/10
  1573 | D:2      | Found a shimmering altar of Xom.
  1573 | D:2      | Found a white marble altar of Elyvilon.
  1577 | D:2      | Found a hazy altar of Hepliaklqana.
  1719 | D:2      | Reached skill level 1 in Fighting
  1950 | D:2      | Learned a level 3 spell: Ozocubu's Armour
  2580 | D:3      | Reached XP level 4. HP: 25/25 MP: 0/11
  3031 | D:3      | Reached skill level 1 in Charms
  3555 | D:3      | Reached skill level 1 in Long Blades
  3555 | D:3      | Reached XP level 5. HP: 29/29 MP: 5/13
  3588 | D:3      | Reached skill level 5 in Ice Magic
  4518 | D:3      | Noticed an ice beast
  4594 | D:4      | Noticed Duvessa
  4594 | D:4      | Noticed Dowan
  4596 | D:4      | Killed Dowan
  4596 | D:4      | Reached XP level 6. HP: 35/35 MP: 14/14
  4604 | D:4      | Killed Duvessa
  4871 | D:4      | Found a staircase to the Ecumenical Temple.
  4890 | Temple   | Entered the Ecumenical Temple
  4959 | Temple   | Became a worshipper of Sif Muna the Loreminder
  5231 | D:4      | Reached skill level 5 in Spellcasting
  5382 | D:4      | Learned a level 4 spell: Summon Ice Beast
  5605 | D:4      | Learned a level 2 spell: Blink
  5608 | D:4      | Learned a level 2 spell: Slow
  5637 | D:4      | Reached XP level 7. HP: 40/40 MP: 9/16
  5834 | D:4      | Reached skill level 1 in Summonings
  6081 | D:4      | Reached skill level 1 in Translocations
  6296 | D:4      | Noticed Ijyb
  6300 | D:4      | Killed Ijyb
  6620 | D:5      | Entered Level 5 of the Dungeon
  6637 | D:5      | Learned a level 2 spell: Call Imp
  7025 | D:5      | Found a sand-covered staircase.
  7038 | Ossuary  | Entered an ossuary
  7168 | Ossuary  | Reached * piety under Sif Muna
  7683 | Ossuary  | Reached XP level 8. HP: 46/46 MP: 13/18
  8184 | D:5      | Noticed a hippogriff
  8194 | D:5      | Killed a hippogriff
  8194 | D:5      | Reached skill level 1 in Hexes
  8853 | D:5      | Learned a level 3 spell: Mephitic Cloud
  8966 | D:6      | Noticed Blork the orc
  8966 | D:6      | Noticed Menkaure
  8971 | D:6      | Killed Blork the orc
  8972 | D:6      | Killed Menkaure
  8972 | D:6      | Reached skill level 5 in Charms
  8972 | D:6      | Reached skill level 1 in Air Magic
  8972 | D:6      | Reached skill level 1 in Poison Magic
  8981 | D:6      | Noticed a hippogriff
  9572 | D:6      | Killed a hippogriff
  9955 | D:6      | Noticed Edmund
  9986 | D:6      | Killed Edmund
 11024 | D:7      | Reached ** piety under Sif Muna
 11209 | D:7      | Reached XP level 9. HP: 51/51 MP: 9/20
 11505 | D:7      | Reached skill level 5 in Summonings
 11596 | D:7      | Found a runed translucent door.
 11598 | D:7      | Noticed zkyp's ghost (novice MiAM)
 11929 | D:7      | Found a burning altar of Makhleb.
 12217 | D:8      | Found a staircase to the Lair.
 12220 | D:8      | Noticed an elephant
 12233 | D:8      | Killed an elephant
 12707 | D:8      | Found an opulent altar of Gozag.
 12767 | D:8      | Noticed Maurice
 13547 | D:8      | Reached *** piety under Sif Muna
 14257 | D:8      | Reached XP level 10. HP: 48/58 MP: 13/23
 14470 | Lair:1   | Entered Level 1 of the Lair of Beasts
 14524 | Lair:1   | Noticed a five-headed hydra
 14589 | Lair:1   | Gained mutation: You possess an exceptional clarity of
                  | mind. [potion of mutation]
 14589 | Lair:1   | Gained mutation: You expend magic power (3 MP) to
                  | strengthen your wands. [potion of mutation]
 14589 | Lair:1   | Gained mutation: You passively map a small area around you.
                  | [potion of mutation]
 14589 | Lair:1   | Gained mutation: Your movements are slightly less
                  | encumbered by armour. (ER -2) [potion of mutation]
 14590 | Lair:1   | Lost mutation: You possess an exceptional clarity of mind.
                  | [potion of mutation]
 14590 | Lair:1   | Lost mutation: You passively map a small area around you.
                  | [potion of mutation]
 14590 | Lair:1   | Gained mutation: You evolve. [potion of mutation]
 14590 | Lair:1   | Gained mutation: You are robust. (+10% HP) [potion of
                  | mutation]
 14590 | Lair:1   | Gained mutation: You are partially covered in slimy green
                  | scales. (AC +2) [potion of mutation]
 14633 | Lair:1   | Got a pitted spear
 14634 | Lair:1   | Identified the +6 spear "Waluch" {pain, *Noise rN+ Int+3}
                  | (You found it on level 1 of the Lair of Beasts)
 14771 | D:8      | Noticed Joseph
 14802 | D:8      | Killed Joseph
 15203 | D:8      | Noticed a three-headed hydra
 15222 | D:8      | Killed a three-headed hydra
 15364 | D:8      | Learned a level 3 spell: Conjure Flame
 15544 | Lair:1   | Noticed Harold
 15654 | D:8      | Found a transporter.
 15656 | D:8      | Found a transporter.
 15658 | D:8      | Noticed SnubMonkey's ghost (novice TrAM)
 15675 | D:8      | Noticed Prince Ribbit
 15690 | D:8      | Killed Prince Ribbit
 15816 | D:8      | Killed Maurice
 16531 | D:9      | Gained mutation: You are resistant to hostile enchantments.
                  | (MR+) [evolution]
 16916 | D:10     | Entered Level 10 of the Dungeon
 16926 | D:10     | Reached skill level 5 in Long Blades
 16926 | D:10     | Reached skill level 1 in Armour
 16944 | D:10     | Reached **** piety under Sif Muna
 16944 | D:10     | Reached skill level 5 in Fighting
 16972 | D:10     | Got a jewelled plate armour
 16992 | D:9      | Identified the +9 plate armour "Wooklau" {+Blink +Inv
                  | Dex+3} (You found it on level 10 of the Dungeon)
 17104 | D:10     | Learned a level 4 spell: Throw Icicle
 17493 | D:10     | Found a staircase to the Orcish Mines.
 17587 | D:10     | Noticed Fannar
 17920 | Lair:1   | Killed a five-headed hydra
 17923 | Lair:1   | Reached XP level 11. HP: 64/69 MP: 9/25
 18551 | Lair:1   | Killed Harold
 19518 | Lair:2   | Found a hole to the Spider Nest.
 19519 | Lair:2   | Noticed a seven-headed hydra
 19533 | Lair:2   | Killed a seven-headed hydra
 19663 | Lair:2   | Noticed an oklob plant
 20611 | Lair:2   | Noticed a queen ant
 21680 | Lair:2   | Noticed Aschiman's ghost (journeyman MiFi)
 21683 | Lair:2   | Found a runed translucent door.
 22349 | Lair:2   | Killed a queen ant
 22349 | Lair:2   | Reached skill level 5 in Dodging
 22350 | Lair:2   | HP: 2/70 [poisoned by a queen ant]
 22351 | Lair:1   | Succumbed to a queen ant's poison

Levels and vault maps discovered:
D:1:      ldierk_walled_garden_2, layout_basic, minmay_pentomino_s2
D:2:      layout_loops_corners, grunt_temple_overflow_open, first_ration,
          bh_walls_and_bars
D:3:      layout_basic
D:4:      layout_loops_ring, minmay_temple_entry_sparse_star, uniq_duvessa,
          uniq_ijyb
D:5:      layout_loops_ring, chequers_ossuary_entry_cave
D:6:      layout_layer_cave, uniq_edmund, uniq_blork_the_orc, uniq_menkaure
D:7:      layout_basic, hellmonk_ghost_happy_afterlife, basic_altar
D:8:      layout_basic, nicolae_gozag_cash_rules_everything_around_me,
          david_lair_generic, gammafunk_ghost_hive, hangedman_ranch
          [blue_anna_fruit_fields], uniq_prince_ribbit1, uniq_joseph,
          uniq_maurice
D:9:      layout_loops_ring, serial_co_window_serial,
          co_window_of_opportunity_a, co_window_paths_b, co_window_corner_a,
          co_window_paths_b, co_window_paths_a, co_window_corner_b,
          co_window_of_opportunity_b, co_window_of_opportunity_b,
          glass_columns_b, glass_columns_a, glass_columns_a, glass_columns_a
D:10:     minmay_bubble_buster, layout_rooms, david_orc_4, uniq_fannar
Temple:   dpeg_five_rooms_temple
Lair:1:   layout_loops_ring, grunt_megastairs_3, uniq_harold
Lair:2:   layout_cave_shapes, dummy_spider_entry, special_room
          [special_room_bee], hellmonk_ghost_happy_afterlife, zaba_antful_of_joy

Skill      XL: |  1  2  3  4  5  6  7  8  9 10 11 |
---------------+----------------------------------+-----
Ice Magic      | 4 5 7 8 9 |  9.7
Fighting       | 1 2 3 4 5 |  5.7
Spellcasting   | 4 5 6 7 8 9 |  9.4
Charms         | 1 2 3 4 5 |  5.0
Long Blades    | 1 2 3 4 5 |  5.9
Conjurations   | 2 |  2.0
Summonings     | 3 4 6 8 9 |  9.4
Translocations | 1 2 |  2.0
Hexes          | 1 |  1.0
Air Magic      | 2 3 4 |  4.3
Poison Magic   | 2 3 |  3.0
Dodging        | 3 5 |  5.1
Armour         | 1 2 |  2.8
Stealth        | |  2.4

Action                   |  1- 3 |  4- 6 |  7- 9 | 10-12 || total
-------------------------+-------+-------+-------+-------++-------
Melee: Unarmed           |     1 |       |       |       ||     1
       Falchion          |       |    39 |   226 |   101 ||   366
       Dagger            |       |    11 |       |       ||    11
 Cast: Freeze            |    61 |    70 |    49 |    84 ||   264
       Throw Frost       |     3 |    30 |   111 |    92 ||   236
       Ozocubu's Armour  |       |     1 |    13 |     1 ||    15
       Call Imp          |       |       |    89 |    65 ||   154
       Mephitic Cloud    |       |       |    27 |    49 ||    76
       Summon Ice Beast  |       |       |    20 |    69 ||    89
       Blink             |       |       |     3 |     4 ||     7
       Throw Icicle      |       |       |       |     1 ||     1
Evoke: Wand              |       |     3 |     5 |       ||     8
  Use: Scroll            |       |     2 |    11 |     4 ||    17
       Potion            |       |       |     2 |     5 ||     7
 Stab: Sleeping          |       |     1 |       |       ||     1
       Distracted        |       |       |     4 |     1 ||     5
       Confused          |       |       |     2 |     7 ||     9
  Eat: Chunk             |     5 |     6 |    16 |    14 ||    41
       Ration            |       |     1 |     4 |     4 ||     9
Armor: Robe              |    13 |    20 |    69 |       ||   102
       Leather armour    |       |       |     1 |    66 ||    67
Dodge: Dodged            |    26 |    67 |   193 |   177 ||   463
       Rpst.: Falchion   |     3 |    17 |    55 |    61 ||   136

Table legend:
 A = Non-vault XP
 B = Vault XP
 C = Vault XP percentage of total XP
 D = Non-vault monster count
 E = Vault monster count
 F = Vault count percentage of total count
                 A         B        C        D         E       F
            +---------+---------+-------+---------+---------+-------
      Total |   10959 |    7627 |  41.0 |     255 |     116 |  31.3
            +---------+---------+-------+---------+---------+-------
        D:1 |      41 |       3 |   6.8 |      22 |       2 |   8.3
        D:2 |      47 |       0 |   0.0 |      18 |       0 |   0.0
        D:3 |     247 |       0 |   0.0 |      50 |       0 |   0.0
        D:4 |     395 |     255 |  39.2 |      21 |       3 |  12.5
        D:5 |     331 |       0 |   0.0 |      16 |       0 |   0.0
        D:6 |     525 |     339 |  39.2 |       7 |       3 |  30.0
        D:7 |     860 |       0 |   0.0 |      31 |       0 |   0.0
        D:8 |    1545 |    2932 |  65.5 |      33 |      15 |  31.2
        D:9 |     324 |       0 |   0.0 |      12 |       0 |   0.0
       D:10 |    1084 |     530 |  32.8 |      13 |      18 |  58.1
     Lair:1 |    2670 |     975 |  26.7 |      16 |      10 |  38.5
     Lair:2 |    2890 |    2221 |  43.5 |      16 |      28 |  63.6
    Ossuary |       0 |     372 | 100.0 |       0 |      37 | 100.0
            +---------+---------+-------+---------+---------+-------
